 Dungeon Crawl Stone Soup version 0.31-a0-198-g2ad674f65e (webtiles) character file.

Game seed: 997297182712913334

7 qw the Shooter (level 1, -1/12 HPs)
             Began as a Deep Elf Hunter on June 25, 2023.
             Slain by a gnoll
             ... wielding a +0 spear
              (4 damage)
             ... on level 1 of the Dungeon.
             The game lasted 00:00:04 (346 turns).

qw the Shooter (Deep Elf Hunter)                     Turns: 346, Time: 00:00:04

Health: -1/12      AC:  3    Str:  8    XL:     1   Next: 91%
Magic:  3/3        EV: 12    Int: 13    God:
Gold:   37         SH:  0    Dex: 18    Spells: 0/0 levels left

rFire   . . .        a - +0 shortbow
rCold   . . .        (shield currently unavailable)
rNeg    . . .        c - +0 leather armour
rPois   .            (no helmet)
rElec   .            (no cloak)
rCorr   .            (no gloves)
SInv    .            (no boots)
Will    .....        (no amulet)
Stlth   ++           (no ring)
HPRegen 0.22/turn    (no ring)
MPRegen 0.08/turn

%: no passive effects
@: no status effects
A: no striking features
a: no special abilities


You were on level 1 of the Dungeon.
You visited 1 branch of the dungeon, and saw 1 of its levels.

You collected 37 gold pieces.


   Skills:
 - Level 1.5 Fighting
 + Level 5.9 Ranged Weapons
 - Level 2.4 Dodging
 - Level 1.2 Stealth


You couldn't memorise any spells.
You didn't know any spells.
Your spell library was empty.

Inventory:

Hand Weapons
 a - a +0 shortbow (weapon)
Armour
 c - a +0 leather armour (worn)
 g - a +0 pair of gloves
Scrolls
 b - a scroll of butterflies
 e - a scroll of fear {unknown}
Potions
 d - a potion of mutation {unknown}
 f - a potion of heal wounds {unknown}

Dungeon Overview and Level Annotations

Branches:
Dungeon (1/15)

Altars:


Message History

You shoot an arrow. The arrow hits the kobold.
You kill the kobold!
You open the door.
A gnoll and 2 jackals come into view.
The gnoll shouts!
Found a stone staircase leading down.
Enter note:
Enter note: You shoot an arrow.
The jackal barks! x2
The arrow hits the gnoll.
The gnoll is lightly wounded.
You shoot an arrow.
The arrow hits the gnoll but does no damage.
The gnoll is lightly wounded.
You shoot an arrow. The arrow hits the gnoll.
The gnoll is moderately wounded.
The gnoll closely misses you.
You shoot an arrow.
The arrow hits the gnoll but does no damage.
The gnoll is moderately wounded.
The gnoll barely misses you. The jackal bites you.
You shoot an arrow. The arrow hits the jackal.
You kill the jackal!
The gnoll hits you from afar with a +0 spear!
Ouch! That really hurt!
The jackal bites you but does no damage.
You shoot an arrow. The arrow hits the jackal.
The jackal is almost dead.
The gnoll closely misses you. The jackal bites you.
You shoot an arrow. The arrow barely misses the jackal.
The arrow hits the gnoll but does no damage.
The gnoll is moderately wounded.
The jackal misses you. The gnoll hits you but does no damage.
The jackal barely misses you.
You shoot an arrow. The arrow closely misses the jackal.
The arrow barely misses the gnoll.
The gnoll closely misses you. The jackal closely misses you.
The gnoll hits you from afar with a +0 spear.
You die...

.............+
#######.###.#.####
.....)......#.####
#######.#####.##..
#.......##.. ##
########.#####.#...
..#...........#
#.#..>
......#######.###
#.#...
>....gh@........#
#...
......###########
#.## ..... # #...
#... #.#.#### #.#
#......# # #.. #..
#.. #..


You could see a gnoll and a jackal.

Vanquished Creatures
  A goblin (D:1)
  A hobgoblin (D:1)
  A jackal (D:1)
  2 bats (D:1)
  A kobold (D:1)
  2 rats (D:1)
8 creatures vanquished.

Notes
Turn   | Place    | Note
-------+----------+-------------------------------------------
     0 | D:1      | qw the Deep Elf Hunter began the quest for the Orb.
     0 | D:1      | Reached XP level 1. HP: 12/12 MP: 3/3
     0 | D:1      | 0 ||| qw: Version: 0.3-a-22-g0ed2b0b
     0 | D:1      | 0 ||| qw: Game counter: 5092
     0 | D:1      | 0 ||| qw: Melee chars always use a shield: true
     0 | D:1      | 0 ||| qw: God list: Okawaru
     0 | D:1      | 0 ||| qw: Allow faded altars: false
     0 | D:1      | 0 ||| qw: Do Orc after clearing Dungeon:15 true
     0 | D:1      | 0 ||| qw: Do second Lair branch before Depths: true
     0 | D:1      | 0 ||| qw: Lair rune preference: random
     0 | D:1      | 0 ||| qw: Goals: Normal
     0 | D:1      | 0 ||| PLANNING D:1-11
   344 | D:1      | HP: 2/12 [jackal (2)]
   346 | D:1      | Slain by a gnoll

Levels and vault maps discovered:
D:1:      minmay_arrival_widening_spiral_wide, layout_basic

Action                     || total
---------------------------++-------
   Fire: Shortbow          ||    18
 Armour: Leather armour    ||     3
  Dodge: Dodged            ||     8

Table legend:
 A = Non-vault XP
 B = Vault XP
 C = Vault XP percentage of total XP
 D = Non-vault monster count
 E = Vault monster count
 F = Vault count percentage of total count
                 A         B        C        D         E       F
            +---------+---------+-------+---------+---------+-------
      Total |      11 |       0 |   0.0 |       8 |       0 |   0.0
            +---------+---------+-------+---------+---------+-------
        D:1 |      11 |       0 |   0.0 |       8 |       0 |   0.0
            +---------+---------+-------+---------+---------+-------
